 Dungeon Crawl Stone Soup version 0.18.1-50-g88ac8fd (webtiles) character file.

1388 Charly the Cleaver (level 8, -1/74 HPs)
             Began as a Deep Dwarf Chaos Knight on Sept 30, 2016.
             Slain by a wasp (3 damage)
             ... on level 9 of the Dungeon.
             The game lasted 00:20:53 (1457 turns).

Charly the Cleaver (Deep Dwarf Chaos Knight)        Turns: 1457, Time: 00:20:54

Health: -1/74      AC:  9    Str: 17      XL:     8   Next: 40%
Magic:  5/5        EV:  4    Int: 14      God:    Xom [...*..]
Gold:   7          SH:  0    Dex: 11 (12) Spells: 0 memorised, 7 levels left

rFire  . . .     SeeInvis .     a - +0 hand axe (chaos)
rCold  + . .     Gourm    .     o - +0 scale mail
rNeg   . . .     Faith    .     n - +0 large shield
rPois  .         Spirit   .     (no helmet)
rElec  .         Dismiss  .     (no cloak)
rCorr  .         Reflect  .     k - +2 pair of gloves
SustAt .         Harm     .     (no boots)
MR     +....                    (no amulet)
Stlth  ..........               (no ring)
                                b - ring of protection from cold

@: confused, lethally poisoned (-1 -> -1), non-regenerating, slowed, very slow,
somewhat resistant to hostile enchantments, extremely unstealthy
A: damage resistance, recharge devices, sense surroundings 1, slow regeneration
3
a: Device Recharging, Renounce Religion


You were on level 9 of the Dungeon.
You worshipped Xom.
You were a favourite toy of Xom.
You were not hungry.

You visited 2 branches of the dungeon, and saw 10 of its levels.

You collected 7 gold pieces.

Inventory:

Hand Weapons
 a - a +0 hand axe of chaos (weapon)
Armour
 k - a +2 pair of gloves (worn)
 n - a +0 large shield (worn)
 o - a +0 scale mail (worn)
Jewellery
 b - a ring of protection from cold (left hand)
Wands
 i - a wand of digging (14/24)
 v - a wand of iceblast (0/15)
Scrolls
 f - a scroll of teleportation
 h - a scroll of identify
 q - a scroll of fear {unknown}
 r - a scroll of remove curse {unknown}
 u - a scroll of enchant weapon {unknown}
 w - a scroll of immolation {unknown}
Potions
 c - a potion of agility
 j - a potion of ambrosia
 s - a potion of magic
Comestibles
 d - 7 bread rations
 g - 6 beef jerkies
 m - 2 meat rations


   Skills:
 + Level 5.1 Fighting
 + Level 10.5 Axes
 - Level 2.1 Armour
 - Level 1.1 Dodging


You had 7 spell levels left.
You didn't know any spells.

Dungeon Overview and Level Annotations

Branches:
Dungeon (9/15)             Temple (1/1) D:5
   Lair: D:8-11         Orc: D:9-12

Altars:
Ashenzari
Cheibriados
Dithmenos
Elyvilon
Fedhas
Gozag
Kikubaaqudgha
Makhleb
Okawaru
Pakellas
Qazlal
Ru
Sif Muna
Trog
Vehumet
Xom
Yredelemnul
The Shining One

Shops:
D:5 =

Annotations:
D:8 Maurice


Innate Abilities, Weirdness & Mutations

You are resistant to damage.
You can recharge devices by infusing magical energy.
You passively map a small area around you.
You do not regenerate naturally.


Message History

You slash the wasp!
The wasp is poisoned.
The wasp is moderately wounded.
You barely miss the adder zombie.
The adder zombie is no longer moving slowly.
The wasp stings you!
* * * LOW HITPOINT WARNING * * *
The wasp stings you. The adder zombie bites you.
* * * LOW HITPOINT WARNING * * *
Unknown command.
Drink which item? (? for menu, Esc to quit)
You are confused.
You feel invigorated. The wasp stings you!
* * * LOW HITPOINT WARNING * * *
You feel as though you will be slow longer.
The wasp stings you.
* * * LOW HITPOINT WARNING * * *
You feel as though you will be slow longer.
The adder zombie bites you. The wasp stings you.
You die...
Xom chortles!

* ,, * *
#.......# * ,
, ##.......# ,
?........# , #
, * ,#.......#
,.# ,
*.......###..#
, , ,
..........# ,,
, #y........
,, ,#.@Z......
,,, ,
#..####.## ,
,,,, #..# * ,
,#..# * , ,, ,
,, #..# ,#..#
,* ,, ...# *
...# , *


You could see a wasp and an adder zombie.

Vanquished Creatures
  A water moccasin (D:8)
  An ice beast (D:6)
  4 ogres
  3 centaurs
  2 giant frogs
  A crimson imp (D:5)
  A quasit (D:8)
  3 hounds
  A centaur skeleton (D:7)
  An orc priest (D:7)
  An orc wizard (D:7)
  5 worker ants
  A hound zombie (D:6)
  A worker ant zombie (D:6)
  An adder (D:4)
  A river rat (D:8)
  2 shadow imps (D:7)
  A giant gecko (D:7)
  8 orcs
  A ball python (D:4)
  A bat (D:3)
  2 giant cockroaches
  A goblin (D:3)
  3 hobgoblins
  3 jackals
  3 quokkas
  A jackal skeleton (D:4)
  A kobold (D:1)
  15 rats
70 creatures vanquished.

Vanquished Creatures (collateral kills)
  An iguana (D:3)
  3 orcs (D:3)
  A hobgoblin (D:3)
5 creatures vanquished.

Grand Total: 75 creatures vanquished

Notes
Turn   | Place    | Note
--------------------------------------------------------------
     0 | D:1      | Charly the Deep Dwarf Chaos Knight began the quest for the Orb.
     0 | D:1      | Reached XP level 1. HP: 20/20 MP: 1/1
     0 | D:1      | 2
    61 | D:1      | XOM: divination: detect creatures
   124 | D:2      | XOM: harmless Necr miscast
   162 | D:2      | Found a blossoming altar of Fedhas.
   182 | D:3      | Reached skill level 4 in Axes
   182 | D:3      | Reached XP level 2. HP: 27/27 MP: 2/2
   201 | D:3      | XOM: chaos upgrade
   207 | D:3      | XOM: blink monster(s)
   210 | D:3      | XOM: blink monster(s)
   216 | D:3      | XOM: butterfly on damage
   222 | D:3      | Reached XP level 3. HP: 23/33 MP: 3/3
   337 | D:4      | XOM: harmless Divn miscast
   339 | D:4      | Reached skill level 5 in Axes
   346 | D:4      | Reached XP level 4. HP: 30/40 MP: 4/4
   405 | D:4      | XOM: smoke on damage
   413 | D:4      | Reached skill level 6 in Axes
   413 | D:4      | Reached XP level 5. HP: 19/46 MP: 5/5
   447 | D:5      | Entered Level 5 of the Dungeon
   469 | D:5      | Noticed a phantom
   478 | D:5      | XOM: harmless Summ miscast
   532 | D:8      | Noticed an ogre
   545 | D:7      | Noticed an orc warrior
   546 | D:7      | XOM: blink monster(s)
   547 | D:7      | XOM: silly message
   605 | D:7      | Noticed a centaur
   620 | D:7      | Killed a centaur
   620 | D:7      | Reached skill level 7 in Axes
   620 | D:7      | Reached XP level 6. HP: 26/55 MP: 6/6
   628 | D:7      | Noticed a gargoyle
   654 | D:7      | Found a blossoming altar of Fedhas.
   668 | D:7      | XOM: vitrification
   697 | D:7      | XOM: confuse monster(s)
   702 | D:7      | Reached skill level 8 in Axes
   762 | D:6      | Noticed an ice beast
   776 | D:6      | Killed an ice beast
   776 | D:6      | Reached XP level 7. HP: 22/61 MP: 6/6
   794 | D:6      | XOM: scenery: create altars
   799 | D:6      | Reached skill level 9 in Axes
   881 | D:7      | XOM: enchant monster (bad)
   884 | D:7      | XOM: summons 2 friendly demons
   886 | D:7      | XOM: harmless Necr miscast
   913 | D:5      | Found Necsuni's Jewellery Shoppe.
  1033 | D:5      | Found a staircase to the Ecumenical Temple.
  1038 | D:5      | XOM: enchant monster (bad)
  1053 | Temple   | XOM: noise
  1053 | Temple   | Entered the Ecumenical Temple
  1139 | D:5      | You fall through a shaft for 2 floors!
  1143 | D:7      | XOM: scenery: create altars
  1151 | D:7      | XOM: enchant monster (bad)
  1155 | D:7      | Reached XP level 8. HP: 20/72 MP: 5/5
  1156 | D:7      | Reached skill level 10 in Axes
  1163 | D:8      | Noticed Maurice
  1164 | D:8      | XOM: destruction
  1243 | D:8      | Found a glowing golden altar of the Shining One.
  1244 | D:8      | Found a burning altar of Makhleb.
  1264 | D:8      | Found an iron altar of Okawaru.
  1273 | D:8      | XOM: noise
  1281 | D:8      | Reached skill level 5 in Fighting
  1347 | D:8      | XOM: blink monster(s)
  1431 | D:8      | XOM: confusion (+ monsters)
  1446 | D:8      | XOM: harmless Ice miscast
  1457 | D:9      | HP: 2/74 [wasp (4)]
  1457 | D:9      | Slain by a wasp

Skill      XL: |  1  2  3  4  5  6  7  8 |
---------------+-------------------------+-----
Axes           | 4 5 6 7 8 9 10 | 10.5
Fighting       | 4 5 |  5.1
Armour         | |  2.1
Dodging        | |  1.1

Action                   |  1- 3 |  4- 6 |  7- 9 || total
-------------------------+-------+-------+-------++-------
Melee: Hand axe          |    42 |    85 |   136 ||   263
Throw: Throwing net      |       |       |     2 ||     2
 Abil: Device Recharging |       |     1 |     2 ||     3
Evoke: Wand              |     2 |     8 |     7 ||    17
  Use: Potion            |       |     6 |     2 ||     8
       Scroll            |       |       |     4 ||     4
 Stab: Confused          |     1 |       |       ||     1
       Petrifying        |     1 |       |       ||     1
       Petrified         |       |     3 |       ||     3
       Paralysed         |       |       |     2 ||     2
  Eat: Fruit             |       |     3 |       ||     3
       Royal jelly       |       |     1 |       ||     1
       Pizza             |       |       |     1 ||     1
Armor: Leather armour    |    16 |       |       ||    16
       Scale mail        |    13 |    39 |    96 ||   148
Dodge: Dodged            |    31 |    17 |    34 ||    82
Block: Large shield      |    13 |    55 |    90 ||   158
